 Dungeon Crawl Stone Soup version 0.28.0-53-g5a82cb258f (webtiles) character file.

Game seed: 4085739729302037976

2508 Sin92 the Skirmisher (level 9, -2/70 HPs)
             Began as a Demonspawn Fighter on June 3, 2022.
             Was a Priest of Okawaru.
             Killed by vampiric draining
             ... invoked by a vampire
              (16 damage)
             ... on level 7 of the Dungeon.
             The game lasted 00:13:13 (7823 turns).

Sin92 the Skirmisher (Demonspawn Fighter)           Turns: 7823, Time: 00:13:13

Health: -2/70      AC: 14    Str: 20    XL:     9   Next: 28%
Magic:  9/9        EV: 10    Int:  9    God:    Okawaru [***...]
Gold:   468        SH: 10    Dex: 20    Spells: 8/8 levels left

rFire   . . .      SeeInvis .   a - +2 war axe (spect)
rCold   + . .      Faith    +   c - +0 buckler
rNeg    . . .      Spirit   .   f - +0 chain mail
rPois   .          Reflect  .   (no helmet)
rElec   .          Harm     .   m - +0 cloak
rCorr   .          Rampage  .   A - +0 pair of gloves
Will    .....                   (no boots)
Stlth   ..........              x - amulet of faith
HPRegen 0.21/turn               h - +6 ring of dexterity
MPRegen 0.11/turn               q - ring of protection from cold

@: studying Bows
A: hooves 2, thin metallic scales 1, foul stench 1, condensation shield
a: Renounce Religion, Heroism


You were on level 7 of the Dungeon.
You worshipped Okawaru.
Okawaru was most pleased with you.
You visited 1 branch of the dungeon, and saw 7 of its levels.
You also visited: Sewer.

You collected 468 gold pieces.

Inventory:

Hand Weapons
 a - a +2 spectral war axe (weapon)
 b - the +0 whip of Irrepressible Laughter {distort, rF+ rC+ Int+4}
   (You found it on level 2 of the Dungeon)

   It warps and distorts space around it, and may blink, banish, or inflict
   extra damage upon those it strikes.
   Unwielding it can cause banishment or high damage.
   Int:       It affects your intelligence (+4).
   rF:        It protects you from fire.
   rC:        It protects you from cold.
 B - a +0 mace of pain
Armour
 c - a +0 buckler (worn)
 f - a +0 chain mail (worn)
 k - a +1 pair of boots
 m - a +0 cloak (worn)
 A - a +0 pair of gloves (worn)
Jewellery
 d - a ring of resist corrosion
 h - a +6 ring of dexterity (left hand)
 q - a ring of protection from cold (right hand)
 x - an amulet of faith (around neck)
Wands
 n - a wand of iceblast (10)
Scrolls
 o - a scroll of amnesia
 t - a scroll of immolation
 u - a scroll of fog
 w - 2 scrolls of identify
 y - a scroll of brand weapon
Potions
 e - a potion of resistance {unknown}
 g - a potion of mutation
 i - a potion of attraction
 j - 2 potions of lignification
 l - a potion of magic
 p - 2 potions of flight
 r - 3 potions of heal wounds
 s - 2 potions of brilliance
 v - 3 potions of curing
 z - a potion of invisibility {unknown}
 C - a potion of ambrosia {unknown}


   Skills:
 + Level 6.3 Fighting
 + Level 5.4 Axes
 + Level 5.8 Armour
 + Level 4.9 Dodging
 + Level 5.8 Shields


You had 8 spell levels left.
You didn't know any spells.
Your spell library contained the following spells:

 Spells                   Type           Power      Damage    Failure   Level
 Gell's Gravitas          Tloc           0%         N/A       100%        3
 Teleport Other           Tloc           0%         N/A       100%        3
 Dispersal                Tloc           0%         N/A       100%        6


Dungeon Overview and Level Annotations

Branches:
Dungeon (7/15)             Temple (0/1) D:5           Sewer (visited)

Altars:
Cheibriados
Dithmenos
Elyvilon
Kikubaaqudgha
Makhleb
Okawaru
Ru
Trog


Innate Abilities, Weirdness & Mutations

You have hoof-like feet.
You are partially covered in thin metallic scales. (AC +2)
You may rarely emit foul miasma when damaged in melee.
A meltable shield of frost defends you. (SH +4)


Message History

No target in view!
There is a strange disturbance nearby!
No target in view!
Something hits you. Something bites you but does no damage.
You barely miss something. Your kick misses something.
Something hits you but does no damage. Something bites you but does no damage.
You barely miss something. Your kick misses something.
A centaur comes into view.
Something hits you but does no damage. You block something's attack.
The centaur moves out of view.
You hit something but do no damage. You kick something.
You hear some strange, mumbled words.
Something tries to affect you, but you resist.
You hit something but do no damage. You kick something. Something hits you!
Something bites you but does no damage. Something hits you but does no damage.
Something bites you!
Something draws strength from your injuries!
You hit something. Your kick misses something.
You hear some strange, mumbled words.
Something tries to affect you, but you resist.
You barely miss something. Something hits you but does no damage.
Something bites you but does no damage.
You hit something. Something hits you but does no damage. Something bites you.
Something draws strength from your injuries!
Something hits you! Something bites you but does no damage.
The centaur shouts!
You slash something! You kick something.
The centaur wields a +0 shortbow.
The centaur shoots an arrow. x2; The arrow hits you but does no damage.
You block something's attack. Something bites you!
Something draws strength from your injuries!
You barely miss something. You kick something.
The centaur shoots an arrow.
You block the arrow. Something hits you.
Something bites you but does no damage.
The centaur shoots an arrow.
You block the arrow.
You barely miss something. You kick something!
The centaur shoots an arrow.
Something hits you! You block something's attack.
The centaur shoots an arrow.
The arrow hits you!
* * * LOW HITPOINT WARNING * * *
You miss something. Something draws life force from you!
You die...

#.#####.####
##....(.....+
#........##
#.#####..#
#.#####..# ###
#.##.....# #c.
#.##.##.## #.#
#.##.##.# #{#
#.......####@###
####...........#
#########.#.#
#.#... #.. ...
###.##.# .. ...
## #.


You could see a centaur.

Vanquished Creatures
  A centaur zombie (D:6)
  Sigmund (D:4)
  The ghost of NamelessAdventurer the Covert, an amateur NaBr of Wu Jian (D:5)
  Menkaure (D:7)
  3 vampire mosquitoes (D:6)
  A necrophage (D:3)
  2 ogres (D:5)
  The ghost of greena the Skirmisher, an amateur DsFi (D:3)
  A phantom (D:6)
  3 scorpions
  A wyvern zombie (D:5)
  A water moccasin zombie (D:6)
  3 jellies
  An orc priest (D:6)
  A hound (D:4)
  Crazy Yiuf (D:3)
  A gnoll shaman (D:6)
  3 iguanas
  An orc wizard (D:2)
  2 hound skeletons
  8 gnolls
  13 adders
  A river rat (D:5)
  A white imp (D:6)
  2 ufetubi
  3 adder skeletons (D:4)
  A worm (D:3)
  3 dart slugs
  10 orcs
  8 endoplasms
  A giant cockroach (D:1)
  11 goblins
  9 hobgoblins
  3 quokkas (D:5)
  6 ball pythons
  8 bats
  8 frilled lizards
  8 kobolds
  6 rats
140 creatures vanquished.

Vanquished Creatures (others)
  A wizard (D:3)
  10 plants (D:4)
  2 withered plants (D:3)
13 creatures vanquished.

Grand Total: 153 creatures vanquished

Notes
Turn   | Place    | Note
-------+----------+-------------------------------------------
     0 | D:1      | Sin92 the Demonspawn Fighter began the quest for the Orb.
     0 | D:1      | Reached XP level 1. HP: 18/18 MP: 1/1
   355 | D:1      | Gained mutation: You are partially covered in thin metallic
                  | scales. (AC +2) [demonic ancestry]
   355 | D:1      | Reached XP level 2. HP: 21/24 MP: 2/2
  1509 | D:2      | Reached XP level 3. HP: 29/29 MP: 3/3
  1561 | D:2      | Reached skill level 1 in Dodging
  1581 | D:2      | Gained mutation: You may rarely emit foul miasma when
                  | damaged in melee. [demonic ancestry]
  1581 | D:2      | Reached XP level 4. HP: 3/35 MP: 4/4
  2177 | D:2      | Found a sacrificial altar of Ru.
  2324 | D:2      | Identified the +0 whip of Irrepressible Laughter {distort,
                  | rF+ rC+ Int+4}
  2381 | D:2      | Found a faded altar of an unknown god.
  3106 | D:3      | Found a bloodstained altar of Trog.
  3169 | D:3      | Found a sacrificial altar of Ru.
  3173 | D:3      | Found an iron altar of Okawaru.
  3199 | D:3      | Became a worshipper of Warmaster Okawaru
  3242 | D:3      | Found a runed translucent door.
  3243 | D:3      | Noticed Crazy Yiuf
  3338 | D:3      | Noticed a scorpion
  3349 | D:3      | Killed a scorpion
  3350 | D:3      | Gained mutation: You have large cloven feet. [demonic
                  | ancestry]
  3350 | D:3      | Reached XP level 5. HP: 41/42 MP: 5/5
  3358 | D:3      | Found a burning altar of Makhleb.
  3386 | D:3      | Noticed a necrophage
  3403 | D:3      | Killed a necrophage
  3404 | D:3      | Reached skill level 4 in Fighting
  3404 | D:3      | Gained mutation: A meltable shield of frost defends you.
                  | (SH +4) [demonic ancestry]
  3404 | D:3      | Reached XP level 6. HP: 36/48 MP: 6/6
  3515 | D:3      | Found a runed translucent door.
  3515 | D:3      | Noticed greena's ghost (amateur DsFi)
  3604 | D:3      | Noticed a wizard
  3607 | D:3      | Killed a wizard
  3950 | D:3      | Killed Crazy Yiuf
  4197 | D:4      | Noticed Sigmund
  4210 | D:4      | Killed Sigmund
  4210 | D:4      | Reached * piety under Okawaru
  4211 | D:4      | Gained mutation: You have hoof-like feet. [demonic
                  | ancestry]
  4211 | D:4      | Reached XP level 7. HP: 17/55 MP: 7/7
  4535 | D:4      | Found a shadowy altar of Dithmenos.
  5028 | D:4      | Found a snail-covered altar of Cheibriados.
  5260 | D:5      | Entered Level 5 of the Dungeon
  5406 | D:5      | Found an ancient bone altar of Kikubaaqudgha.
  5540 | D:5      | Reached skill level 5 in Fighting
  5540 | D:5      | Reached XP level 8. HP: 22/62 MP: 8/8
  5700 | D:5      | Found a glowing drain.
  5704 | Sewer    | Entered a sewer
  5986 | Sewer    | Reached ** piety under Okawaru
  6250 | D:5      | Found a staircase to the Ecumenical Temple.
  6353 | D:5      | Found a runed translucent gate.
  6354 | D:5      | Found a runed translucent gate.
  6354 | D:5      | Found a runed translucent gate.
  6354 | D:5      | Noticed NamelessAdventurer's ghost (amateur NaBr)
  6652 | D:5      | Killed NamelessAdventurer's ghost
  6764 | D:3      | Killed greena's ghost
  6765 | D:3      | Reached skill level 5 in Armour
  6765 | D:3      | Reached skill level 5 in Shields
  7419 | D:6      | Reached skill level 6 in Fighting
  7419 | D:6      | Reached skill level 5 in Axes
  7421 | D:6      | Reached XP level 9. HP: 57/69 MP: 9/9
  7500 | D:6      | Reached *** piety under Okawaru
  7649 | D:7      | Noticed Menkaure
  7651 | D:7      | Killed Menkaure
  7823 | D:7      | Killed from afar by a vampire

Illustrated notes

Levels and vault maps discovered:
D:1:      lightli_arrival_quake, layout_basic, hangedman_decor_clover_reticule,
          st_stairs_1, minmay_misc_feat_room, minmay_tromino_v4_a
D:2:      minmay_alternating_diamond, layout_basic, basic_altar,
          hellmonk_ecumenical_altar_crossroads, minmay_3d_cube
D:3:      layout_rooms, trog_wizard, elyvilon_altar_5,
          mainiacjoe_overflow_cross_hatched, mainiacjoe_overflow_alcove_2,
          okawaru_metal_pillars_3, serial_curves, eino_curves_02,
          eino_curves_02, eino_curves_02, eino_curves_01, gammafunk_ghost_grave,
          uniq_crazy_yiuf_cottage
D:4:      layout_basic, mainiacjoe_overflow_concentric_impassable,
          mainiacjoe_overflow_chevrons, uniq_sigmund
D:5:      layout_basic, kiku_gazebo_pond_becter, minmay_temple_entry_wispy,
          ebering_ghost_rock_garden, gup_sewer_entry_spiral
D:6:      layout_basic, corexii_shack
D:7:      layout_loops_corners, hellmonk_guarded_unrand_frostbite, uniq_menkaure

Skill      XL: |  1  2  3  4  5  6  7  8 |
---------------+-------------------------+-----
Axes           | 2 3 4 5 |  5.4
Armour         | 3 4 5 |  5.8
Shields        | 3 4 5 |  5.8
Dodging        | 1 2 3 4 |  4.9
Fighting       | 4 5 6 |  6.3

Action                   |  1- 3 |  4- 6 |  7- 9 || total
-------------------------+-------+-------+-------++-------
Melee: War axe           |   110 |   128 |   230 ||   468
       Kick              |       |       |    18 ||    18
  Use: Scroll            |     2 |     7 |     9 ||    18
       Potion            |       |     2 |     1 ||     3
 Stab: Distracted        |       |       |     3 ||     3
Armor: Scale mail        |    38 |       |       ||    38
       Chain mail        |    29 |   103 |   109 ||   241
Dodge: Dodged            |    46 |    46 |    80 ||   172
Block: Buckler           |    24 |    50 |   131 ||   205
